 Dungeon Crawl Stone Soup version 0.30.0-10-gfe55d96785 (webtiles) character file.

Game seed: 7453510038029066806

152 qw the Chopper (level 5, -3/32 HPs)
             Began as a Gargoyle Cinder Acolyte on May 17, 2023.
             Was a High Priest of Ignis.
             Killed by divine providence
             ... invoked by an orc priest
              (13 damage)
             ... on level 4 of the Dungeon.
             The game lasted 00:01:26 (2524 turns).

qw the Chopper (Gargoyle Cinder Acolyte)            Turns: 2524, Time: 00:01:26

Health: -3/32      AC: 26    Str: 19    XL:     5   Next: 34%
Magic:  6/6        EV:  7    Int: 10    God:    Ignis [*****.]
Gold:   200        SH:  0    Dex:  5    Spells: 6/6 levels left

rFire   + . .        Y - +0 hand axe (flame)
rCold   . . .        (no shield)
rNeg    + + .        b - +7 chain mail of Simaigyumm {rN+ Int-5 SInv}
rPois   inf          (no helmet)
rElec   +            (no cloak)
rCorr   .            (no gloves)
SInv    +            (no boots)
Will    .....        (no amulet) Stlth
                     (no ring)
HPRegen 0.25/turn    (no ring)
MPRegen 0.10/turn

%: no passive effects
@: fiery-armoured
A: sickness immunity, AC +4, negative energy resistance 1, electricity
resistance, torment resistance 1, petrification resistance
a: Renounce Religion, Fiery Armour, Foxfire Swarm, Rising Flame


You were on level 4 of the Dungeon.
You worshipped Ignis.
Ignis was extremely pleased with you.
You visited 1 branch of the dungeon, and saw 4 of its levels.

You collected 200 gold pieces.


Innate Abilities, Weirdness & Mutations

You are immune to sickness and miasma.
Your stone body is resilient. (AC +4)
You are immune to poison.
You resist negative energy. (rN+)
You are resistant to electric shocks. (rElec)
You are resistant to unholy torment.
You are immune to petrification.


   Skills:
 - Level 3.2 Fighting
 + Level 4.9 Axes
 - Level 2.0 Armour
 - Level 1.0 Spellcasting
 - Level 3.0 Fire Magic


You had 6 spell levels left.
You didn't know any spells.
Your spell library contained the following spells:

 Spells                   Type           Power      Damage    Failure   Level
 Scorch                   Fire           12%        2d6       80%         2

Inventory:

Hand Weapons
 Y - a +0 hand axe of flaming (weapon)
Missiles
 a - a boomerang (quivered)
Armour
 b - the +7 chain mail of Simaigyumm (worn) {rN+ Int-5 SInv}
   (You found it on level 2 of the Dungeon)

   Int:       It affects your intelligence (-5).
   rN:        It protects you from negative energy.
   SInv:      It lets you see invisible.
Jewellery
 m - a ring of positive energy
Scrolls
 h - a scroll of teleportation
 j - a scroll of identify
Potions
 c - a potion of curing {unknown}
 d - a potion of might
 e - a potion of attraction {unknown}
 f - a potion of heal wounds
 g - a potion of invisibility {unknown}
 i - a potion of haste
 k - a potion of cancellation {unknown}
 l - a potion of flight {unknown}

Dungeon Overview and Level Annotations

Branches:
Dungeon (4/15)
 Temple: D:4-7

Altars:
Sif Muna


Message History

You hit the orc priest but do no damage.
You barely miss the orc wizard.
The orc wizard hits you but does no damage.
The orc wizard is burned by your cloak of flames.
The orc wizard is heavily wounded.
The orc priest calls down the wrath of Beogh upon you.
You are unaffected.
You closely miss the orc wizard.
The orc wizard is heavily wounded.
You hit the orc priest but do no damage.
The orc priest hits you but does no damage.
The orc priest is burned by your cloak of flames.
The orc priest is moderately wounded.
The orc wizard gestures at you while chanting.
You resist with some effort.
You barely miss the orc wizard.
The orc wizard is heavily wounded.
You hit the orc priest. You burn the orc priest.
The orc priest hits you but does no damage.
The orc priest is burned by your cloak of flames.
The orc priest is heavily wounded.
The orc wizard hits you but does no damage.
The orc wizard is burned by your cloak of flames.
The orc wizard is almost dead.
You hit the orc wizard. You burn the orc wizard.
You kill the orc wizard!
You hit the orc priest. You burn the orc priest. You hit the orc.
You burn the orc.
The orc is almost dead.
The orc priest invokes the aid of Beogh against you.
Beogh smites you!
You hit the orc but do no damage.
The orc is almost dead.
The orc priest mumbles some strange prayers to Beogh against you.
Beogh smites you!
You hit the orc. You burn the orc.
You kill the orc!
The orc priest invokes the aid of Beogh against you.
Beogh smites you!
You die...

# #.# ### #> #.#
..#####.# #.# #.##.....
#.# ### #.##.# .....o
.!.. #.##.# #.#.##...##
#####.##.## #..).oo....
#.........# #@# ..
#.###.##..# #.# .# #.#
#.##..#####.###.### #.#
#...<.............. #.#
#..........##.....# #.#
#.##..##...##.#.#.# #.#
#.....#...>.#.# ..
#.###.###.........###.#
#.....................#


You could see an orc priest and 2 orcs.

Vanquished Creatures
  An orc wizard (D:4)
  A gnoll (D:3)
  4 adders
  2 worms
  2 dart slugs
  2 orcs
  6 bats
  5 endoplasms
  2 giant cockroaches (D:1)
  8 goblins
  10 hobgoblins
  6 kobolds
  3 quokkas
  9 ball pythons
  3 frilled lizards
  5 rats
69 creatures vanquished.

Notes
Turn   | Place    | Note
-------+----------+-------------------------------------------
     0 | D:1      | qw the Gargoyle Cinder Acolyte began the quest for the Orb.
     0 | D:1      | Reached XP level 1. HP: 14/14 MP: 2/2
     0 | D:1      | 0 ||| qw: Version: 0.2-a-95-g4c1bab1
     0 | D:1      | 0 ||| qw: Game counter: 118
     0 | D:1      | 0 ||| qw: Always use a shield: true
     0 | D:1      | 0 ||| qw: God list: Okawaru
     0 | D:1      | 0 ||| qw: Allow faded altars: false
     0 | D:1      | 0 ||| qw: Do Orc after D:15 true
     0 | D:1      | 0 ||| qw: Do second Lair branch before Depths: true
     0 | D:1      | 0 ||| qw: Lair rune preference: random
     0 | D:1      | 0 ||| qw: Plans: Normal
     0 | D:1      | 0 ||| PLANNING D:1-11
    79 | D:1      | 79 ||| Stepping ~*~*~tactically~*~*~ (hiding).
    80 | D:1      | 80 ||| Stepping ~*~*~tactically~*~*~ (hiding).
    87 | D:1      | Reached skill level 3 in Axes
   147 | D:1      | Reached XP level 2. HP: 19/19 MP: 3/3
   150 | D:1      | 150 ||| Stepping ~*~*~tactically~*~*~ (hiding).
   151 | D:1      | 151 ||| Stepping ~*~*~tactically~*~*~ (hiding).
   275 | D:1      | 275 ||| Stepping ~*~*~tactically~*~*~ (stealth).
   277 | D:1      | 277 ||| Stepping ~*~*~tactically~*~*~ (stealth).
   396 | D:1      | Found a faded altar of an unknown god.
   866 | D:1      | 866 ||| UPGRADING to +0 leather armour.
   876 | D:1      | 876 ||| DROPPING +0 robe.
   877 | D:1      | 877 ||| READING scroll labelled RORHYO ZIAHOATWUL.
   878 | D:1      | 878 ||| READING scroll labelled IRUOSIASETZ.
   879 | D:1      | 879 ||| READING scroll labelled HIVO USALEBOHU.
   880 | D:1      | 880 ||| READING scroll labelled KAAFYU YCISCHUFF.
   881 | D:1      | 881 ||| DRINKING 2 white potions.
   899 | D:2      | Reached XP level 3. HP: 23/23 MP: 4/4
   941 | D:2      | Identified the +7 chain mail of Simaigyumm {rN+ Int-5 SInv}
   959 | D:2      | Reached skill level 4 in Axes
  1104 | D:2      | 1104 ||| Stepping ~*~*~tactically~*~*~ (stealth).
  1106 | D:2      | 1106 ||| Stepping ~*~*~tactically~*~*~ (stealth).
  1109 | D:2      | 1109 ||| Stepping ~*~*~tactically~*~*~ (stealth).
  1110 | D:2      | 1110 ||| Stepping ~*~*~tactically~*~*~ (stealth).
  1136 | D:2      | 1136 ||| Stepping ~*~*~tactically~*~*~ (stealth).
  1138 | D:2      | 1138 ||| Stepping ~*~*~tactically~*~*~ (stealth).
  1158 | D:2      | 1158 ||| Stepping ~*~*~tactically~*~*~ (stealth).
  1159 | D:2      | 1159 ||| Stepping ~*~*~tactically~*~*~ (stealth).
  1220 | D:2      | Reached XP level 4. HP: 22/28 MP: 5/5
  1800 | D:2      | 1800 ||| UPGRADING to +7 chain mail of Simaigyumm {rN+
                  | Int-5 SInv}.
  1810 | D:2      | 1810 ||| DROPPING +0 leather armour.
  1811 | D:2      | 1811 ||| READING scroll labelled CENTUORIMM.
  1812 | D:2      | 1812 ||| READING scroll labelled ZAM RIMMYOM.
  1815 | D:2      | 1815 ||| READING scroll labelled ZEIXTO UVEMUE.
  1929 | D:3      | 1929 ||| Stepping ~*~*~tactically~*~*~ (stealth).
  1931 | D:3      | 1931 ||| Stepping ~*~*~tactically~*~*~ (hiding).
  2023 | D:3      | Found a shimmering blue altar of Sif Muna.
  2147 | D:3      | Reached skill level 1 in Armour
  2185 | D:3      | 2185 ||| Stepping ~*~*~tactically~*~*~ (stealth).
  2285 | D:3      | Reached XP level 5. HP: 32/32 MP: 6/6
  2288 | D:3      | 2288 ||| Stepping ~*~*~tactically~*~*~ (stealth).
  2443 | D:3      | 2443 ||| DRINKING 2 smoky red potions.
  2444 | D:3      | 2444 ||| DRINKING 2 metallic grey potions.
  2445 | D:3      | 2445 ||| DROPPING potion of brilliance.
  2511 | D:4      | 2511 ||| Stepping ~*~*~tactically~*~*~ (hiding).
  2517 | D:4      | 2517 ||| INVOKING Fiery Armour.
  2524 | D:4      | Killed from afar by an orc priest

Levels and vault maps discovered:
D:1:      dpeg_arrival_windows_large_door, layout_basic,
          hellmonk_ecumenical_altar_heavens_door
D:2:      layout_basic, minmay_unequal
D:3:      layout_basic, lemuel_tele_altar, st_stairs_5, minmay_vboxes
D:4:      layout_loops_ring

Skill      XL: |  1  2  3  4 |
---------------+-------------+-----
Axes           | 3 4 |  4.9
Armour         | 2 |  2.0
Fighting       | |  3.2
Spellcasting   | |  1.0
Fire Magic     | |  3.0

Action                     |  1- 3 |  4- 6 || total
---------------------------+-------+-------++-------
  Melee: Hand axe          |   125 |    94 ||   219
  Throw: Boomerang         |     8 |    38 ||    46
 Invoke: Fiery Armour      |       |     1 ||     1
    Use: Scroll            |     4 |     3 ||     7
         Potion            |     1 |     2 ||     3
 Armour: Robe              |    21 |       ||    21
         Leather armour    |    25 |    20 ||    45
         Chain mail        |       |    21 ||    21
  Dodge: Dodged            |    61 |    42 ||   103

Table legend:
 A = Non-vault XP
 B = Vault XP
 C = Vault XP percentage of total XP
 D = Non-vault monster count
 E = Vault monster count
 F = Vault count percentage of total count
                 A         B        C        D         E       F
            +---------+---------+-------+---------+---------+-------
      Total |     173 |      48 |  21.7 |      58 |      11 |  15.9
            +---------+---------+-------+---------+---------+-------
        D:1 |      33 |       0 |   0.0 |      21 |       0 |   0.0
        D:2 |      63 |      23 |  26.7 |      21 |       5 |  19.2
        D:3 |      35 |      25 |  41.7 |      12 |       6 |  33.3
        D:4 |      42 |       0 |   0.0 |       4 |       0 |   0.0
            +---------+---------+-------+---------+---------+-------
